 Dungeon Crawl Stone Soup version 0.21.1-1-g345015f (webtiles) character file.

520 diana the Chopper (level 7, -5/53 HPs)
             Began as a Formicid Fighter on June 3, 2018.
             Was an Initiate of Cheibriados.
             Slain by Sigmund
             ... wielding a +0 scythe
              (10 damage)
             ... on level 4 of the Dungeon.
             The game lasted 00:03:19 (2802 turns).

diana the Chopper (Formicid Fighter)                Turns: 2802, Time: 00:03:19

Health: -5/53      AC:  6    Str: 29    XL:     7   Next: 45%
Magic:  7/7        EV:  8    Int:  8    God:    Cheibriados [......]
Gold:   223        SH:  0    Dex: 11    Spells: 6/6 levels left

rFire    . . .     SeeInvis +   a - +0 war axe
rCold    . . .     Gourm    .   c - +0 shield
rNeg     . . .     Faith    .   b - +0 scale mail
rPois    .         Spirit   .   (helmet unavailable)
rElec    .         Reflect  .   (no cloak)
rCorr    .         Harm     .   (no gloves)
MR       .....                  (no boots)
Stlth    ..........             (no amulet)
HPRegen  0.17/turn              (no ring)
MPRegen  0.10/turn              (no ring)

@: confused, mighty, very slow
A: permanent stasis, dig shafts and tunnels, four strong arms, antennae 3
a: Dig, Shaft Self, Bend Time, Renounce Religion


You were on level 4 of the Dungeon.
You worshipped Cheibriados.
Cheibriados was noncommittal.
You were hungry.

You visited 1 branch of the dungeon, and saw 4 of its levels.

You collected 223 gold pieces.

Inventory:

Hand Weapons
 a - a +0 war axe (weapon)
Armour
 b - a +0 scale mail (worn)
 c - a +0 shield (worn)
Jewellery
 s - an uncursed ring of protection from fire {unknown}
Scrolls
 g - a scroll of fog {unknown}
 k - a scroll of teleportation {unknown}
 l - a scroll of enchant armour {unknown}
 n - a scroll of magic mapping {unknown}
 o - 3 scrolls of identify {unknown}
 q - a scroll of enchant weapon {unknown}
 r - a scroll of amnesia {unknown}
 v - a scroll of remove curse {unknown}
Potions
 e - a potion of cancellation {unknown}
 h - 2 potions of curing {unknown}
 i - a potion of lignification {unknown}
 j - a potion of mutation {unknown}
 m - 3 potions of flight {unknown}
 p - a potion of ambrosia {unknown}
 t - a potion of heal wounds {unknown}
 u - a potion of agility {unknown}
Comestibles
 f - 8 rations


   Skills:
 - Level 3.7 Fighting
 + Level 7.3 Axes
 - Level 3.4 Armour
 - Level 3.9 Shields


You had 6 spell levels left.
You didn't know any spells.

Dungeon Overview and Level Annotations

Branches:
Dungeon (4/15)
 Temple: D:4-7

Altars:
Cheibriados
Gozag
Wu Jian
Xom

Annotations:
D:4 Sigmund


Innate Abilities, Weirdness & Mutations

You cannot be hasted, slowed, berserked, paralysed or teleported.
You can dig through walls and to a lower floor.
Your four strong arms can wield two-handed weapons with a shield.
You have a pair of large antennae on your head. (SInv)


Message History

The adder bites you. Sigmund hits you with a scythe!
* * * LOW HITPOINT WARNING * * *
A jackal comes into view.
You feel very mighty all of a sudden.
The jackal barks!
The adder barely misses you.
The jackal bites you but does no damage.
You closely miss Sigmund.
Sigmund is moderately wounded.
You miss the jackal.
Your shield prevents you from hitting the adder.
The adder bites you.
* * * LOW HITPOINT WARNING * * *
Sigmund closely misses you. The adder closely misses you.
You miss the jackal. You closely miss Sigmund. You closely miss the adder.
The jackal bites you but does no damage.
The adder bites you.
* * * LOW HITPOINT WARNING * * *
Sigmund hits you with a scythe!
You die...

####......##.########
#...........†....#
..#.############.#
####.# #.# #.# #####.##
##+# #......# ##...#
#.###..# ##....@##
#.###..# #......@##
#..##..#
.....hhS.####......#
.....h...'..............
.........####....#######
#.......## ##.#.#
.#..<..## ###.# .......
#.# .###+## #.# #.#


You could see Sigmund, an adder and 3 jackals.

Vanquished Creatures
  Grinder (D:4)
  The ghost of diana the Slasher, an amateur DgGl (D:3)
  An orc priest (D:3)
  An orc wizard (D:3)
  4 gnolls (D:3)
  5 adders
  2 oozes (D:2)
  3 worms
  A dart slug (D:1)
  A leopard gecko (D:3)
  8 orcs (D:3)
  A giant cockroach (D:3)
  9 hobgoblins
  2 jackals (D:1)
  8 kobolds
  4 quokkas
  5 bats
  4 frilled lizards
  6 goblins
  A quokka zombie (D:3)
  9 rats
77 creatures vanquished.

Notes
Turn   | Place    | Note
-------+----------+-------------------------------------------
     0 | D:1      | diana the Formicid Fighter began the quest for the Orb.
     0 | D:1      | Reached XP level 1. HP: 18/18 MP: 1/1
    93 | D:1      | Reached XP level 2. HP: 22/25 MP: 2/2
   314 | D:1      | Reached XP level 3. HP: 26/30 MP: 3/3
   611 | D:2      | Reached skill level 3 in Axes
   655 | D:2      | Reached XP level 4. HP: 37/37 MP: 4/4
  1014 | D:3      | Reached skill level 4 in Axes
  1226 | D:3      | Reached XP level 5. HP: 40/42 MP: 5/5
  1672 | D:3      | Noticed diana's ghost (amateur DgGl)
  1685 | D:3      | Killed diana's ghost
  1685 | D:3      | Reached skill level 5 in Axes
  1685 | D:3      | Reached XP level 6. HP: 17/48 MP: 6/6
  1888 | D:3      | Found a snail-covered altar of Cheibriados.
  2241 | D:3      | Reached skill level 6 in Axes
  2383 | D:3      | Found a shimmering altar of Xom.
  2552 | D:3      | Became a worshipper of Cheibriados the Contemplative
  2587 | D:4      | Found an ornate altar of the Wu Jian Council.
  2625 | D:4      | Found an opulent altar of Gozag.
  2670 | D:4      | Noticed Grinder
  2686 | D:4      | Killed Grinder
  2686 | D:4      | Reached skill level 7 in Axes
  2686 | D:4      | Reached XP level 7. HP: 32/53 MP: 7/7
  2792 | D:4      | Noticed Sigmund
  2802 | D:4      | Slain by Sigmund

Skill      XL: |  1  2  3  4  5  6 |
---------------+-------------------+-----
Axes           | 3 4 5 7 |  7.3
Fighting       | |  3.7
Armour         | |  3.4
Shields        | |  3.9

Action                   |  1- 3 |  4- 6 |  7- 9 || total
-------------------------+-------+-------+-------++-------
Melee: War axe           |    81 |   135 |    16 ||   232
  Use: Potion            |       |       |     1 ||     1
  Eat: Chunk             |       |     5 |     1 ||     6
Armor: Scale mail        |    36 |    47 |     8 ||    91
       Skin              |       |     5 |       ||     5
Dodge: Dodged            |    25 |    29 |     9 ||    63
Block: Shield            |    53 |    55 |     8 ||   116
